 Dungeon Crawl Stone Soup version 0.30-a0-219-gf2db51d15e (webtiles) character file.

Game seed: 13964208289472134883

313 KennySheep the Changer (level 6, -2/44 HPs)
             Began as a Barachi Transmuter on Oct 8, 2022.
             Was an Initiate of the Shining One.
             Slain by a jelly (3 damage)
             ... on level 4 of the Dungeon.
             The game lasted 00:09:24 (3407 turns).

KennySheep the Changer (Barachi Transmuter)         Turns: 3407, Time: 00:09:25

Health: -2/44      AC: -2    Str: 13    XL:     6   Next: 43%
Magic:  8/9        EV: 10    Int: 14    God:    the Shining One [......]
Gold:   198        SH:  0    Dex: 12    Spells: 2/9 levels left

rFire   x . .      SeeInvis .      - Unarmed
rCold   + + .      Faith    .    (no shield)
rNeg    . . .      Spirit   .    r - +0 ring mail
rPois   .          Reflect  .    (helmet currently unavailable)
rElec   .          Harm     .    (no cloak)
rCorr   .          Rampage  .    f - +0 pair of gloves
Will    .....                    (boots currently unavailable)
Stlth   +.........               (no amulet)
HPRegen 0.27/turn                g - ring of protection from cold
MPRegen 0.11/turn                i - ring of ice

@: about to teleport, appendages, corroded, glowing, slow
A: horns 2, talons 2, amphibious, slowness 1, strong legs 1, +LOS
a: Hop, End Transformation, Renounce Religion


You were on level 4 of the Dungeon.
You worshipped the Shining One.
The Shining One was noncommittal.
You had temporarily grown beastly horns and talons.
You visited 1 branch of the dungeon, and saw 4 of its levels.

You collected 198 gold pieces.

Inventory:

Missiles
 m - a throwing net
Armour
 a - a +0 robe
 f - a +0 pair of gloves (worn)
 r - a +0 ring mail (worn)
Jewellery
 g - a ring of protection from cold (left hand)
 i - a ring of ice (right hand)
 u - a ring of magical power
Wands
 q - a wand of digging (4)
Scrolls
 j - a scroll of identify
 n - a scroll of vulnerability
 p - a scroll of amnesia {unknown}
 s - a scroll of teleportation
 t - 2 scrolls of silence {unknown}
 v - a scroll of noise {unknown}
Potions
 b - a potion of attraction {unknown}
 c - a potion of haste {unknown}
 d - 3 potions of might
 e - 5 potions of curing
 h - a potion of heal wounds {unknown}
 k - a potion of degeneration {unknown}
 l - 2 potions of brilliance
 o - a potion of flight
 w - 4 potions of mutation {unknown}


   Skills:
 - Level 2.2 Fighting
 - Level 2.1 Dodging
 - Level 3.7 Unarmed Combat
 - Level 2.1 Spellcasting
 * Level 5.0 Transmutations
 * Level 4.6 Ice Magic


You had 2 spell levels left.
You knew the following spells:

 Your Spells              Type           Power      Damage    Failure   Level
a - Beastly Appendage     Tmut           30%        N/A       7%          1
b - Wereblood             Tmut           15%        N/A       10%         2
c - Ice Form              Ice/Tmut       22%        N/A       56%         4

Your spell library contained the following spells:

 Spells                   Type           Power      Damage    Failure   Level
 Spider Form              Tmut/Pois      8%         N/A       50%         3
 Dazzling Flash           Conj/Hex       2%         N/A       83%         3
 Agony                    Necr           1%         N/A       100%        5
 Silence                  Hex/Air        0%         N/A       100%        5


Dungeon Overview and Level Annotations

Branches:
Dungeon (4/15)             Temple (0/1) D:4

Altars:
Trog
The Shining One

Shops:
D:1 ?

Annotations:
D:4 3 runed translucent doors, heikuro's ghost, novice FoFi; sleeves's ghost, amateur DsWr


Innate Abilities, Weirdness & Mutations

You have temporarily grown beastly horns and talons.
You are amphibious.
You cover ground slowly.
You can hop short distances.
You have an extended range of vision and can be seen from far away.


Message History

A goblin is nearby!
A jelly comes into view.
The jelly quivers.
There is an open door here.
You completely miss the jelly. The jelly hits you. The acid corrodes you!
You are splashed with acid!
You hit the jelly.
Your hands burn!
The jelly is moderately wounded.
The jelly closely misses you.
The goblin hits you with a +1 dagger of speed.
The jelly attacks as you move away! The jelly barely misses you.
The goblin attacks as you move away! The goblin closely misses you.
There is an open door here.
The goblin hits you with a +1 dagger of speed.
Casting: Beastly Appendage (safe; 7% risk of failure)
Confirm with . or Enter, or press ? or * to list all spells.
You grow a pair of large bovine horns.
Your feet morph into talons.
The goblin barely misses you.
You hit the goblin.
You kill the goblin!
You hit the jelly but do no damage. The acid corrodes you!
Your hands burn!
The jelly is moderately wounded.
The jelly hits you but does no damage.
You hit the jelly. The acid corrodes you!
Your hands burn!
You claw the jelly, but do no damage.
The jelly is moderately wounded.
The jelly closely misses you.
You hit the jelly but do no damage.
Your hands burn!
You claw the jelly, but do no damage. You headbutt the jelly.
The jelly is moderately wounded.
The jelly hits you.
You are splashed with acid!
* * * LOW HITPOINT WARNING * * *
Okay, then.
As you read the scroll of teleportation, it crumbles to dust.
You feel strangely unstable. The jelly hits you.
* * * LOW HITPOINT WARNING * * *
You are splashed with acid.
* * * LOW HITPOINT WARNING * * *
The jelly attacks as you move away! The jelly hits you.
You die...

#......#....~...#.#+#.......#
#....#.#..~~~...#...#.......#
#....#.#...~~~..#...#.......#
#....#.#...~....#...#.......+
#....#.#........#...#.......#
#.)..#.##......##...#.......#
#....#..####'###....#....####
#####'#.....#J# ##'###....#♣⌠♣
#.........###@####.#####..#...
#.........#....#...'......#W..
#.........#....#...#......+W..
#.........#....#...#......+...
#.........#....#...#......+.(.
#.........#....#...#......#...
#.........#....#...#......#...
#.........#....#...#.....##♣⌠♣
#........)#####....###..######


You could see a jelly.

Vanquished Creatures
  An ogre (D:3)
  A hound (D:4)
  Ijyb (D:3)
  An iguana (D:4)
  3 gnolls (D:3)
  4 adders
  2 worms
  2 orcs
  10 endoplasms
  3 giant cockroaches
  7 goblins
  10 hobgoblins
  8 kobolds
  4 quokkas
  9 ball pythons
  5 bats
  2 frilled lizards
  6 rats
79 creatures vanquished.

Vanquished Creatures (others)
  13 plants (D:3)
13 creatures vanquished.

Grand Total: 92 creatures vanquished

Notes
Turn   | Place    | Note
-------+----------+-------------------------------------------
     0 | D:1      | KennySheep the Barachi Transmuter began the quest for the
                  | Orb.
     0 | D:1      | Reached XP level 1. HP: 15/15 MP: 3/3
   155 | D:1      | Reached skill level 1 in Ice Magic
   155 | D:1      | Reached XP level 2. HP: 20/21 MP: 5/5
   167 | D:1      | Learned a level 2 spell: Wereblood
   215 | D:1      | Found Eqeotuer's Magic Scroll Shoppe.
   674 | D:2      | Reached XP level 3. HP: 11/27 MP: 4/6
   873 | D:2      | Reached skill level 3 in Transmutations
  1435 | D:3      | Found a glowing golden altar of the Shining One.
  1451 | D:3      | Became a worshipper of the Shining One
  1464 | D:3      | Noticed Ijyb
  1473 | D:3      | Reached XP level 4. HP: 24/33 MP: 4/7
  1477 | D:3      | Killed Ijyb
  1525 | D:3      | Learned a level 4 spell: Ice Form
  1705 | D:3      | Reached XP level 5. HP: 38/38 MP: 6/8
  1909 | D:3      | Found a bloodstained altar of Trog.
  1960 | D:3      | Noticed an ogre
  1982 | D:3      | Killed an ogre
  1983 | D:3      | Reached skill level 4 in Transmutations
  2614 | D:4      | Reached XP level 6. HP: 44/44 MP: 9/9
  2759 | D:4      | Found a staircase to the Ecumenical Temple.
  2894 | D:4      | Found a runed translucent gate.
  2894 | D:4      | Found a runed translucent gate.
  2894 | D:4      | Found a runed translucent gate.
  2898 | D:4      | Noticed sleeves's ghost (amateur DsWr)
  2898 | D:4      | Noticed heikuro's ghost (novice FoFi)
  3255 | D:4      | Reached skill level 5 in Transmutations
  3406 | D:4      | HP: 1/44 [acid (5)]
  3407 | D:4      | Slain by a jelly

Illustrated notes

Levels and vault maps discovered:
D:1:      wander_arrival_desolate, layout_basic, serial_shops, shop
D:2:      layout_basic, chequers_serial_rivers_micro_b
D:3:      layout_loops_corners, mainiacjoe_overflow_alcove_2,
          lemuel_round_altar, nicolae_grassy_gnolls, uniq_ijyb
D:4:      layout_gridville, temple_hall, gammafunk_ghost_cemetery,
          kennysheep_another_room, minmay_liquid_box, nrook_mini_backslash

Skill      XL: |  1  2  3  4  5  6 |
---------------+-------------------+-----
Ice Magic      | 1 2 3 4 |  4.6
Transmutations | 3 4 5 |  5.0
Fighting       | 2 |  2.2
Dodging        | |  2.1
Unarmed Combat | |  3.7
Spellcasting   | |  2.1

Action                   |  1- 3 |  4- 6 || total
-------------------------+-------+-------++-------
Melee: Unarmed           |   148 |   137 ||   285
       Kick              |     9 |    10 ||    19
       Headbutt          |     4 |    10 ||    14
       Punch             |     1 |     2 ||     3
 Cast: Beastly Appendage |     5 |     5 ||    10
       Wereblood         |     2 |       ||     2
  Use: Potion            |     3 |     2 ||     5
       Scroll            |       |     3 ||     3
 Stab: Sleeping          |     3 |       ||     3
Armor: Robe              |    37 |     8 ||    45
       Ring mail         |       |    25 ||    25
Dodge: Dodged            |    90 |    65 ||   155

Table legend: (Time is in decaauts)
 A = Elapsed time spent in this place.
 B = Non-inter-level travel time spent in this place.
 C = Inter-level travel time spent in this place.
 D = Time resting spent in this place.
 E = Time spent auto-exploring this place.
 F = Levels seen in this place.
 G = Mean time per level.
                   A        B        C        D        E       F      G
               +--------+--------+--------+--------+--------+-----+--------+
         Total |   3851 |   3647 |    204 |    361 |   2577 |   4 |  962.8 |
       Dungeon |   3851 |   3647 |    204 |    361 |   2577 |   4 |  962.8 |
               +--------+--------+--------+--------+--------+-----+--------+

Top non-repeatable levels by time:
     D:3: 1366 daAuts
     D:4: 903 daAuts
     D:2: 849 daAuts
     D:1: 731 daAuts
